 Dungeon Crawl Stone Soup version 0.27-a0-1358-ga0a28fc8c3 (webtiles) character file.

Game seed: 4562684415396971201

193 Delamore the Sneak (level 5, -4/36 HPs)
             Began as an Octopode Brigand on June 28, 2021.
             Slain by a gnoll (16 damage)
             ... on level 4 of the Dungeon.
             The game lasted 00:02:28 (2233 turns).

Delamore the Sneak (Octopode Brigand)               Turns: 2233, Time: 00:02:28

Health: -4/36      AC:  1    Str: 10    XL:     5   Next: 72%
Magic:  5/5        EV: 12    Int: 13    God:
Gold:   108        SH:  0    Dex: 15    Spells: 4/4 levels left

rFire    . . .     SeeInvis +   a - +3 dagger
rCold    . . .     Faith    .   (no shield)
rNeg     . . .     Spirit   .   (helmet restricted)
rPois    .         Reflect  .   (no amulet)
rElec    .         Harm     .   f - +4 ring of slaying
rCorr    .         Rampage  .   g - ring of see invisible
Will     .....                  (no ring)
Stlth    ++++......             (no ring)
HPRegen  0.12/turn              (no ring)
MPRegen  0.09/turn              (no ring)
                                (no ring)
                                (no ring)

@: no status effects
A: almost no armour, amphibious, 8 rings, camouflage 1, gelatinous body 1,
(nimble swimmer 1), tentacles
a: no special abilities


You were on level 4 of the Dungeon.
You visited 1 branch of the dungeon, and saw 4 of its levels.

You collected 108 gold pieces.

Inventory:

Hand Weapons
 a - a +3 dagger (weapon)
Missiles
 b - 8 poisoned darts (quivered)
 c - a curare-tipped dart
 d - 4 javelins
Jewellery
 f - a +4 ring of slaying (left tentacle)
 g - a ring of see invisible (right tentacle)
Wands
 k - a wand of iceblast (8)
Potions
 e - 4 potions of curing {unknown}
 h - a potion of lignification {unknown}
 i - 2 potions of brilliance {unknown}


   Skills:
 + Level 3.6 Fighting
 + Level 3.6 Short Blades
 - Level 2.0 Throwing
 - Level 1.0 Dodging
 + Level 7.0 Stealth


You had 4 spell levels left.
You didn't know any spells.
Your spell library contained the following spells:

 Spells                   Type           Power      Damage    Failure   Level
 Sandblast                Erth           0%         2d4       30%         1
 Summon Small Mammal      Summ           0%         N/A       30%         1
 Call Imp                 Summ           0%         N/A       43%         2
 Passwall                 Tmut/Erth      0%         N/A       43%         2
 Call Canine Familiar     Summ           0%         N/A       67%         3
 Stone Arrow              Conj/Erth      0%         3d7       67%         3
 Summon Guardian Golem    Hex/Summ       0%         N/A       67%         3
 Petrify                  Tmut/Erth      0%         N/A       97%         4
 Summon Ice Beast         Ice/Summ       0%         N/A       97%         4
 Summon Lightning Spire   Summ/Air       0%         N/A       97%         4
 Lee's Rapid Deconstruct  Erth           0%         3d5*      100%        5


Dungeon Overview and Level Annotations

Branches:
Dungeon (4/15)
 Temple: D:4-7

Altars:
Fedhas
Kikubaaqudgha
Sif Muna


Innate Abilities, Weirdness & Mutations

You cannot wear most types of armour.
You are amphibious.
You can wear up to eight rings at the same time.
Your skin changes colour to match your surroundings (Stealth+).
Your rubbery body absorbs attacks. (AC +1, EV +1)
((You are camouflaged near water. (Stealth+)))
You have tentacles for arms and can constrict up to eight enemies at once.


Message History

No target in view!
No target in view!
No target in view!
No target in view!
Found a blossoming altar of Fedhas.
A gnoll comes into view. It is wielding a +0 spear.
A gnoll shaman comes into view. It is wielding a +0 club.
Found a book of Changes. 2 gnolls come into view.
Found 8 gold pieces.
There is a blossoming altar of Fedhas here.
The gnoll shouts!
You hear a shout!
A goblin comes into view. It is wielding a +0 dagger.
A gnoll comes into view. It is wielding a +0 spear.
A gnoll comes into view. It is wielding a +0 halberd.
The gnoll closely misses you.
The gnoll shouts! x2
The gnoll hits you with a +0 club. The gnoll barely misses you.
You see here a book of Changes.
You hit the gnoll. You grab the gnoll. You squeeze the gnoll!
The gnoll is severely wounded.
You constrict the gnoll. The gnoll closely misses you.
The gnoll hits you with a +0 whip! The gnoll hits you with a +0 club.
The gnoll barely misses you.
You hit the gnoll.
You kill the gnoll!
The gnoll shaman calls upon its god to speed up the gnoll.
The gnoll seems to speed up.
The gnoll closely misses you.
The gnoll barely misses you. x2; The gnoll hits you with a +0 spear!
Your Stealth skill increases to level 7!
You are too injured to fight recklessly!
You are too injured to fight recklessly!
You are too injured to fight recklessly!
You are too injured to fight recklessly!
You are too injured to fight recklessly!
You are too injured to fight recklessly!
You are too injured to fight recklessly!
You are too injured to fight recklessly!
The gnoll hits you from afar with a +0 halberd!
You die...

#.##.# #.#
..##.# ..# #
...##.##.##.##
...###........#
.... #........#
..... ##_#.###.
##.#..# ##..#
.# ##..@##.##.#
#..):.g....#
#...gggg.####
......$g...#
.##.......##
##.....##
##...## ##.##
##


You could see a gnoll shaman, 4 gnolls and a goblin.

Vanquished Creatures
  A jelly (D:4)
  2 gnolls
  8 adders
  2 worms (D:3)
  3 dart slugs
  4 orcs (D:3)
  2 endoplasms
  A giant cockroach (D:2)
  6 goblins
  5 hobgoblins
  2 jackals (D:2)
  4 kobolds
  2 quokkas (D:3)
  4 ball pythons
  5 bats
  4 frilled lizards
  6 rats
61 creatures vanquished.

Notes
Turn   | Place    | Note
-------+----------+-------------------------------------------
     0 | D:1      | Delamore the Octopode Brigand began the quest for the Orb.
     0 | D:1      | Reached XP level 1. HP: 14/14 MP: 1/1
   230 | D:1      | Found a faded altar of an unknown god.
   339 | D:1      | Reached XP level 2. HP: 19/19 MP: 2/2
   710 | D:2      | Reached XP level 3. HP: 25/25 MP: 3/3
   873 | D:2      | Reached skill level 6 in Stealth
   960 | D:2      | Reached XP level 4. HP: 30/30 MP: 4/4
  1701 | D:3      | Reached XP level 5. HP: 36/36 MP: 5/5
  2080 | D:3      | Found a shimmering blue altar of Sif Muna.
  2080 | D:3      | Found an ancient bone altar of Kikubaaqudgha.
  2177 | D:4      | Identified the +9 falchion of Pyromania {freeze, rF- rC+
                  | Int+4}
  2218 | D:4      | Found a blossoming altar of Fedhas.
  2233 | D:4      | Reached skill level 7 in Stealth
  2233 | D:4      | Slain by a gnoll

Illustrated notes

Levels and vault maps discovered:
D:1:      amcnicky_arrival_double_pillar, layout_loops_ring,
          basic_ecumenical_altar
D:2:      layout_basic
D:3:      minmay_evil_eye, layout_rooms, nicolae_overflow_hidden_temple,
          hex_large, minmay_quantized
D:4:      layout_loops_cross, overflow_temple_1_default

Skill      XL: |  1  2  3  4  5 |
---------------+----------------+-----
Stealth        | 6 7 |  7.0
Fighting       | 3 |  3.6
Short Blades   | 3 |  3.6
Throwing       | |  2.0
Dodging        | |  1.0

Action                   |  1- 3 |  4- 6 || total
-------------------------+-------+-------++-------
Melee: Dagger            |    41 |    46 ||    87
       Constrict         |    12 |    12 ||    24
       Tentacles         |     4 |     5 ||     9
Throw: Dart              |       |    10 ||    10
       Javelin           |       |     1 ||     1
  Use: Scroll            |       |     3 ||     3
 Stab: Sleeping          |    11 |    14 ||    25
       Distracted        |     1 |       ||     1
Armor: Skin              |     3 |     2 ||     5
Dodge: Dodged            |    19 |    23 ||    42

Table legend: (Time is in decaauts)
 A = Elapsed time spent in this place.
 B = Non-inter-level travel time spent in this place.
 C = Inter-level travel time spent in this place.
 D = Time resting spent in this place.
 E = Time spent auto-exploring this place.
 F = Levels seen in this place.
 G = Mean time per level.
                   A        B        C        D        E       F      G
               +--------+--------+--------+--------+--------+-----+--------+
         Total |   2218 |   2073 |    145 |    209 |   1516 |   4 |  554.5 |
       Dungeon |   2218 |   2073 |    145 |    209 |   1516 |   4 |  554.5 |
               +--------+--------+--------+--------+--------+-----+--------+

Top non-repeatable levels by time:
     D:3: 840 daAuts
     D:1: 682 daAuts
     D:2: 628 daAuts
     D:4: 66 daAuts
